 Dungeon Crawl Stone Soup version 0.16.2-2-g470672f (webtiles) character file.

364 monobi the Ducker (level 6, -2/47 HPs)
             Began as a Demonspawn Gladiator on Sept 3, 2015.
             Was a Follower of Nemelex Xobeh.
             Slain by an ogre
             ... wielding a +0 giant club
              (20 damage)
             ... on level 5 of the Dungeon.
             The game lasted 00:10:09 (4395 turns).

monobi the Ducker (Demonspawn Gladiator)            Turns: 4395, Time: 00:10:11

Health: -2/47      AC: 13    Str: 18    XL:     6   Next: 39%
Magic:  6/6        EV:  6    Int:  9    God:    Nemelex Xobeh [*.....]
Gold:   212        SH:  8    Dex: 13    Spells: 0 memorised, 5 levels left

rFire  . . .     SeeInvis .     a - +0 trident
rCold  + + .     Clarity  +     l - +0 chain mail {rC+}
rNeg   . . .     SustAb   .     o - +0 shield
rPois  .         Gourm    .     c - +0 helmet
rElec  .         Spirit   .     (no cloak)
rCorr  .         Warding  .     w - +2 pair of gloves
rMut   .         Stasis   .     (no boots)
MR     .....                    k - amulet of clarity
Stlth  ..........               (no ring)
                                (no ring)

@: not resistant to hostile enchantments, extremely unstealthy
A: talons 1, cold resistance 1
a: Renounce Religion


You were on level 5 of the Dungeon.
You worshipped Nemelex Xobeh.
Nemelex Xobeh was aware of your devotion.
You were very hungry.

You visited 1 branch of the dungeon, and saw 5 of its levels.

You collected 212 gold pieces.

Inventory:

Hand weapons
 a - a +0 trident (weapon)
Missiles
 d - 3 throwing nets (quivered)
Armour
 c - a +0 helmet (worn)
 e - a +0 pair of gloves
 l - a +0 chain mail of cold resistance (worn)
 o - a +0 shield (worn)
 w - a +2 pair of gloves (worn)
Jewellery
 k - an amulet of clarity (around neck)
Scrolls
 b - 2 scrolls of enchant armour {unknown}
 g - 2 scrolls of teleportation
 i - 2 scrolls of identify
 m - a scroll of blinking
 x - a scroll of remove curse {unknown}
Potions
 f - a potion of restore abilities {unknown}
 h - a potion of heal wounds
 n - a potion of curing {unknown}
 q - a potion of brilliance {unknown}
 s - a potion of magic {unknown}
 t - a potion of flight {unknown}
Miscellaneous
 u - a plain deck of war
Comestibles
 j - 2 beef jerkies
 p - 2 meat rations


   Skills:
 + Level 3.2 Fighting
 * Level 3.7 Polearms
 + Level 1.9 Throwing
 + Level 2.4 Armour
 * Level 4.0 Dodging
 + Level 0.4 Stealth
 * Level 2.0 Shields
 * Level 0.2 Evocations


You had 5 spell levels left.
You didn't know any spells.

Dungeon Overview and Level Annotations

Branches:
Dungeon (5/15)             Temple (0/1) D:4

Altars:
Dithmenos
Nemelex Xobeh
Trog
The Shining One


Innate Abilities, Weirdness & Mutations

You have sharp toenails.
Your flesh is cold resistant.


Message History

The ogre is lightly wounded.
The hobgoblin hits you. The kobold hits you but does no damage.
You block the ogre's attack.
You hit the ogre. Your kick misses the ogre.
The ogre is moderately wounded.
The hobgoblin hits you. The kobold hits you but does no damage.
You block the ogre's attack.
You puncture the ogre! You claw the ogre, but do no damage.
The ogre is heavily wounded.
You block the hobgoblin's attack. The kobold completely misses you.
The ogre hits you with a giant club!!
Ouch! That really hurt!
You hit the ogre. You claw the ogre, but do no damage.
The ogre is severely wounded.
The hobgoblin hits you but does no damage.
The kobold hits you but does no damage.
The hobgoblin hits you but does no damage.
The ogre hits you with a giant club!!
You die...
Your body disappears without a glow.

...........#
######.....#
#..........#
#.####.....#
#.#<.......#
#.####.#[..# #
#..........#.# .#
#.######.##K.#.##..#.
#.........@g>........
########.#O#.#.##..##
#####.#.....#
#.........###
#.........#
#.........#
##.........#
#..........#
#...(..###....?.


You could see an ogre, a hobgoblin and a kobold.

Vanquished Creatures
  3 hounds (D:4)
  4 worker ants
  Jessica (D:2)
  A worker ant zombie (D:5)
  A gnoll (D:1)
  3 adders
  2 shadow imps (D:5)
  2 worms (D:3)
  A giant gecko (D:1)
  3 orcs
  5 giant cockroaches
  12 goblins
  9 hobgoblins
  3 ball pythons
  11 bats
  A giant newt (D:2)
  8 jackals
  4 kobolds
  10 rats
84 creatures vanquished.

Notes
Turn   | Place    | Note
--------------------------------------------------------------
     0 | D:1      | monobi, the Demonspawn Gladiator, began the quest for the Orb.
     0 | D:1      | Reached XP level 1. HP: 16/16 MP: 1/1
   315 | D:1      | Gained mutation: You have sharp toenails. [demonic ancestry]
   315 | D:1      | Reached XP level 2. HP: 13/22 MP: 2/2
   403 | D:1      | Reached skill level 3 in Polearms
   626 | D:1      | Reached XP level 3. HP: 18/27 MP: 3/3
   998 | D:2      | Found a glowing golden altar of the Shining One.
  1090 | D:2      | Noticed Jessica
  1094 | D:2      | Killed Jessica
  1234 | D:2      | Gained mutation: Your flesh is cold resistant. [demonic ancestry]
  1234 | D:2      | Reached XP level 4. HP: 34/34 MP: 4/4
  1706 | D:3      | Reached skill level 1 in Armour
  2415 | D:3      | Found a sparkling altar of Nemelex Xobeh.
  2416 | D:3      | Found a shadowy altar of Dithmenos.
  2798 | D:3      | Became a worshipper of Nemelex Xobeh the Trickster
  2837 | D:4      | Reached XP level 5. HP: 41/41 MP: 5/5
  3107 | D:4      | Reached skill level 1 in Shields
  3146 | D:4      | Found a bloodstained altar of Trog.
  3151 | D:4      | Received a gift from Nemelex Xobeh
  3270 | D:4      | Found a staircase to the Ecumenical Temple.
  3339 | D:4      | Reached XP level 6. HP: 26/47 MP: 6/6
  3793 | D:4      | Reached skill level 4 in Dodging
  4070 | D:5      | Entered Level 5 of the Dungeon
  4395 | D:5      | Slain by an ogre

Action                   |  1- 3 |  4- 6 || total
-------------------------+-------+-------++-------
Melee: Trident           |   100 |   336 ||   436
  Use: Scroll            |     4 |     4 ||     8
       Potion            |       |     2 ||     2
  Eat: Bread ration      |       |     2 ||     2
       Chunk             |       |     2 ||     2
